 Dungeon Crawl Stone Soup version 0.31-a0-1008-g5b978dac0e (webtiles) character file.

Game seed: 11392723033907236728

182 Queen the Ruffian (level 5, -1/45 HPs)
             Began as a Draconian Shapeshifter on Nov 12, 2023.
             Was an Initiate of the Shining One.
             Killed from afar by an orc wizard (8 damage)
             ... with a magic dart
             ... on level 4 of the Dungeon.
             The game lasted 00:06:13 (4687 turns).

Queen the Ruffian (Draconian Shapeshifter)          Turns: 4687, Time: 00:06:13

Health: -1/45      AC:  5    Str: 18    XL:     5   Next: 35%
Magic:  5/5        EV: 12    Int: 11    God:    the Shining One [......]
Gold:   95         SH:  0    Dex: 10    Spells: 4/4 levels left

rFire   . .          .
                       - Unarmed
rCold   . . .        (no shield)
rNeg    . . .        (body armour unavailable)
rPois   .            (helmet currently unavailable)
rElec   .            (cloak currently unavailable)
rCorr   .            (gloves currently unavailable)
SInv    .            (boots currently unavailable)
Will    .....        (no amulet)
Stlth   +            (no ring)
HPRegen 0.27/turn    (no ring)
MPRegen 0.09/turn

%: no passive effects
@: confused, beast-form, glowing
A: beast (slay +2), AC +5, unfitting armour, cold-blooded
a: Begin Untransformation, Renounce Religion


You were on level 4 of the Dungeon.
You worshipped the Shining One.
The Shining One was noncommittal.
You were a hulking beast.
You visited 1 branch of the dungeon, and saw 4 of its levels.

You collected 95 gold pieces.

Inventory:

Armour
 j - a +1 pair of gloves
Talismans
 b - a beast talisman
 c - a flux talisman
Scrolls
 i - a scroll of fog
 l - 2 scrolls of revelation
 o - a scroll of teleportation
Potions
 a - a potion of lignification
 d - a potion of degeneration {unknown}
 e - a potion of cancellation
 m - a potion of mutation {unknown}


   Skills:
 + Level 3.0 Fighting
 + Level 3.0 Dodging
 + Level 4.0 Unarmed Combat
 + Level 3.8 Shapeshifting


You had 4 spell levels left.
You didn't know any spells.
Your spell library contained the following spells:

 Spells                   Type           Power      Damage    Failure   Level
 Haunt                    Necr/Summ      0%         N/A       100%        7
 Borgnjor's Revivificati  Necr           0%         N/A       100%        8
 Death's Door             Necr           0%         N/A       100%        9


Dungeon Overview and Level Annotations

Branches:
Dungeon (4/15)
 Temple: D:4-7

Altars:
Ashenzari
Fedhas
Trog
The Shining One

Shops:
D:3 [

Annotations:
D:2 1 runed translucent door, Crazy Yiuf


Innate Abilities, Weirdness & Mutations

You are a hulking beast.
Your limbs bulge with bestial killing power. (Slay +2)
Your plain brown scales are hard. (AC +5)
You cannot fit into any form of body armour.
You are cold-blooded and may be slowed by cold attacks.


Message History

Your Fighting skill increases to level 3!
You punch the orc!
You kill the orc!
The orc hits you with a +0 trident.
Items here: ( ) ††.
You closely miss the orc. You tail-slap the orc.
The orc is heavily wounded.
The orc hits you with a +0 trident.
* * * LOW HITPOINT WARNING * * *
You hit the orc.
You kill the orc!
Your Dodging skill increases to level 3!
Your Unarmed Combat skill increases to level 4!
You miss something.
Your tail-slap misses something.
Something hits you but does no damage.
You punch something! Something completely misses you.
You hit something but do no damage. Something hits you.
* * * LOW HITPOINT WARNING * * *
You miss something. You tail-slap something. Something completely misses you.
You miss something.
You hear some strange, mumbled words.
You are confused.
You completely miss something.
You hear some strange, mumbled words.
You are more confused.
You barely miss something.
Your tail-slap misses something.
Something barely misses you.
You're too confused to move!
Something hits you but does no damage.
You bump into the rock wall.
Something hits you but does no damage.
You bump into the rock wall.
You hear some strange, mumbled words.
A puff of flame appears from out of thin air!
The puff of flame hits you!
* * * LOW HITPOINT WARNING * * *
You're too confused to move!
Something hits you but does no damage.
You bump into the rock wall.
You hear some strange, mumbled words.
A magic dart appears from out of thin air!
The magic dart hits you!
You die...

,* *,,,,,,,,* #.§#
,**** *,,,,,,,,* #..#
,,,,***,,,,,,,.#####.h#
,,*,,,,,,,,,>,.oo..§§.#
,,,,***,,,,,,,#######.#
,,,,,**>,,,,,,*#...h..#
,,,*,**,,,,,,,*#)######
**,*,**********#{#
**,*,******** #h#
,,,*,,,,,,,,***#.#
****,,,,,,,,,,,..# *
*,,****,,*,...#
****,,,,,,,,,.##.#
,,***,****,,##*#.#
,,,**,****,,***#.#
,,,,*,,,,,,,,,,..#
,,,,**************


There were no monsters in sight!

Vanquished Creatures
  A hound (D:4)
  A jelly (D:4)
  Robin (D:3)
  4 adders
  A worm (D:3)
  2 dart slugs
  6 orcs
  2 bats (D:3)
  3 endoplasms
  A giant cockroach (D:1)
  17 goblins
  4 hobgoblins
  2 quokkas
  5 ball pythons
  A frilled lizard (D:1)
  6 kobolds
  A rat (D:1)
58 creatures vanquished.

Notes
Turn   | Place    | Note
-------+----------+-------------------------------------------
     0 | D:1      | Queen the Draconian Shapeshifter began the quest for the
                  | Orb.
     0 | D:1      | Reached XP level 1. HP: 16/16 MP: 1/1
   127 | D:1      | Reached XP level 2. HP: 23/23 MP: 2/2
  1709 | D:2      | Reached XP level 3. HP: 15/29 MP: 3/3
  1939 | D:2      | Found a runed translucent door.
  1940 | D:2      | Noticed Crazy Yiuf
  3218 | D:3      | Found a broken altar of Ashenzari.
  3232 | D:3      | Found a blossoming altar of Fedhas.
  3235 | D:3      | Found a glowing golden altar of the Shining One.
  3239 | D:3      | Found a bloodstained altar of Trog.
  3242 | D:3      | Became a worshipper of the Shining One
  3336 | D:3      | Found a faded altar of an unknown god.
  3383 | D:3      | Reached XP level 4. HP: 30/36 MP: 4/4
  3467 | D:3      | Noticed Robin
  3471 | D:3      | Found Zasysch's Antique Armour Emporium.
  3488 | D:3      | Killed Robin
  3974 | D:3      | Found a faded altar of an unknown god.
  4103 | D:3      | Found Zasysch's Antique Armour Emporium.
  4192 | D:3      | Found a broken altar of Ashenzari.
  4205 | D:3      | Found a blossoming altar of Fedhas.
  4208 | D:3      | Found a glowing golden altar of the Shining One.
  4212 | D:3      | Found a bloodstained altar of Trog.
  4569 | D:4      | Reached XP level 5. HP: 27/44 MP: 5/5
  4675 | D:4      | Reached skill level 4 in Unarmed Combat
  4687 | D:4      | Killed from afar by an orc wizard

Illustrated notes

Levels and vault maps discovered:
D:1:      mrwooster_arrival_statue_3, layout_basic
D:2:      layout_basic, hangedman_feature_mirror, uniq_crazy_yiuf_cottage
D:3:      layout_loops_ring, minitemple, serial_shops, nicolae_diamond_shop,
          dreamdust_ecumenical_altar_grove, grunt_decor_fettered, uniq_robin
D:4:      layout_loops_cross, ebering_ghost_disaster_area, uniq_ijyb

Skill      XL: |  1  2  3  4  5 |
---------------+----------------+-----
Dodging        | 2 3 |  3.0
Fighting       | 2 3 |  3.0
Unarmed Combat | 4 |  4.0
Shapeshifting  | |  3.8

Action                     |  1- 3 |  4- 6 || total
---------------------------+-------+-------++-------
  Melee: Unarmed           |   102 |    83 ||   185
         Tailslap          |    10 |    11 ||    21
         Punch             |     1 |       ||     1
    Use: Scroll            |     1 |     8 ||     9
 Armour: Skin              |    48 |    50 ||    98
  Dodge: Dodged            |    46 |    44 ||    90

Table legend: (Time is in decaauts)
 A = Elapsed time spent in this place.
 B = Non-inter-level travel time spent in this place.
 C = Inter-level travel time spent in this place.
 D = Time resting spent in this place.
 E = Time spent auto-exploring this place.
 F = Levels seen in this place.
 G = Mean time per level.
                   A        B        C        D        E       F      G
               +--------+--------+--------+--------+--------+-----+--------+
         Total |   4674 |   4502 |    172 |    176 |   3917 |   4 | 1168.5 |
       Dungeon |   4674 |   4502 |    172 |    176 |   3917 |   4 | 1168.5 |
               +--------+--------+--------+--------+--------+-----+--------+

Top non-repeatable levels by time:
     D:2: 1741 daAuts
     D:1: 1403 daAuts
     D:3: 1358 daAuts
     D:4: 171 daAuts
